Cogmind - Beta 10.2 @@@ ROGUE MODE // 2020.11.30 @ 18:54:50 // AFD2020/Player2 Player: Minty Result: Self-destructed Performance ------------- Evolutions (0) 0 Regions Visited (4) 800 Robots Destroyed (6) 30 Value Destroyed (118) 118 Prototype IDs (23) 460 Alien Tech Used (0) 0 Bonus (180) 180 TOTAL SCORE: 1588 Bonus ------- Follower Combat Kills 21 Aligned with FarCom 300 Friendly Fire -141 Cogmind --------- Core Integrity 104/250 Matter 300/300 Energy 250/250 System Corruption 0% Temperature Cool (10) Movement Treading (160) Location -9/Mines Parts ------- > --- POWER (1) -------- Ion Engine > --- PROPULSION (2) --- Light Treads Light Treads > --- UTILITY (2) ------ Small Storage Unit > --- WEAPON (2) ------- Medium Laser > --- INVENTORY (6) ---- Humpback Peak State ------------ > --- POWER ------------ Ion Engine > --- PROPULSION ------- Light Treads Light Treads > --- UTILITY ---------- Small Storage Unit Light Armor Plating > --- WEAPON ----------- EM Pulse Gun Field Lobotomy Kit > --- INVENTORY -------- Humpback Medium Laser [Rating: 16] Favorites ----------- Power Ion Engine Engine Ion Engine Propulsion Light Treads Treads Light Treads Utility Small Storage Unit Storage Small Storage Unit Protection Light Armor Plating Weapon Medium Laser Energy Gun Medium Laser Special Weapon Field Lobotomy Kit Build | -11 -10 -10 -10 -9 ------- Run | Scr Mat Min Exi Min Slots Evolved . | . . . . . Power . | . . . . . Propulsion . | . . . . . Utility . | . . . . . Weapon . | . . . . . Parts Attached 9 | 6 1 . . 2 Power 1 | 1 . . . . Engine 1 | 1 . . . . Core . | . . . . . Reactor . | . . . . . Propulsion 2 | 2 . . . . Treads 2 | 2 . . . . Leg . | . . . . . Wheel . | . . . . . Hover . | . . . . . Flight . | . . . . . Utility 2 | 1 1 . . . Device . | . . . . . Storage 1 | 1 . . . . Processor . | . . . . . Hackware . | . . . . . Protection 1 | . 1 . . . Artifact . | . . . . . Weapon 4 | 2 . . . 2 Energy Gun 3 | 2 . . . 1 Energy Cannon . | . . . . . Ballistic Gun . | . . . . . Ballistic Cannon . | . . . . . Launcher . | . . . . . Special Weapon 1 | . . . . 1 Impact Weapon . | . . . . . Slashing Weapon . | . . . . . Piercing Weapon . | . . . . . Special Melee Weapon . | . . . . . Unidentified Prototypes . | . . . . . Parts Lost 2 | . . . . 2 Power . | . . . . . Propulsion . | . . . . . Utility 1 | . . . . 1 Weapon 1 | . . . . 1 Highest Loss Streak 1 | . . . . 1 Average Slot Usage (%) 99 | . 97 100 100 97 Engine 14 | . 14 14 14 14 Treads 28 | . 28 28 28 28 Storage 14 | . 14 14 14 14 Protection 13 | . 11 14 14 14 Energy Gun 26 | . 28 28 28 16 Special Weapon 1 | . . . . 9 Naked Turns . | . . . . . Heaviest Build 22 | 13 16 16 16 22 Greatest Support 40 | 40 40 40 40 40 Greatest Overweight (x) . | . . . . . Average Overweight (x) . | . . . . . Largest Inventory Capacity 6 | 6 6 6 6 6 Average Capacity 5 | 5 6 6 6 6 Most Carried 3 | . . . 3 3 Average Carried . | . . . . 2 Final Capacity 6 | 6 6 6 6 6 Final Carried 3 | . . . 3 2 Class Distribution -------------------- 100% | Mutant Dominant Class ---------------- Mutant | -10/Materials Mutant | -10/Mines Mutant | -10/Exiles Mutant | -9/Mines Resources | -11 -10 -10 -10 -9 ----------- Run | Scr Mat Min Exi Min Matter Collected 290 | 219 51 . . 20 Remotely . | . . . . . Salvage Created 172 | . 142 . . 30 Parts 17 | . 11 . . 6 Haulers Intercepted . | . . . . . Recyclers Shooed 1 | 1 . . . . Parts Field Recycled . | . . . . . Retrieved Matter . | . . . . . Parts Self-Destructed . | . . . . . Prevented . | . . . . . Kills | -11 -10 -10 -10 -9 ------- Run | Scr Mat Min Exi Min Combat Hostiles Destroyed 2 | . 2 . . . Guns 2 | . 2 . . . Classes Destroyed 5 | . 4 . . 1 Worker 1 | . 1 . . . Tunneler 1 | . . . . 1 Operator 1 | . 1 . . . Watcher 1 | . 1 . . . Grunt 2 | . 2 . . . Best Kill Streak 2 | . 2 . . 1 Combat Bots Only 2 | . 2 . . . Max Kills in Single Turn 1 | . 1 . . 1 Gunslinging . | . . . . . Exploded . | . . . . . Melee . | . . . . . Uniques/NPCs Destroyed . | . . . . . Combat | -11 -10 -10 -10 -9 -------- Run | Scr Mat Min Exi Min Damage Taken 408 | . 87 . . 321 Core 34 | . 10 . . 24 Absorbed by Shields . | . . . . . Core Remaining (%) 100 | 100 . . . . Volleys Fired 22 | 1 8 . . 13 Largest 2 | 2 2 . . 2 Hottest 90 | 90 90 . . 90 Shots Fired 36 | 2 16 . . 18 Gun 31 | 2 16 . . 13 Cannon . | . . . . . Launcher . | . . . . . Special 5 | . . . . 5 Kinetic . | . . . . . Thermal 17 | 1 8 . . 8 Explosive . | . . . . . Electromagnetic 14 | 1 8 . . 5 Robot Hit Streak 9 | 2 7 . . 9 Robot Miss Streak 1 | . 1 . . 1 Penetration Max . | . . . . . Secondary Targets 1 | . 1 . . . Max Gunslinging Chain 1 | . 1 . . . Shots Hit Robots 26 | 2 11 . . 13 Core Hits 14 | 1 9 . . 4 Critical Hits . | . . . . . Critical Kills . | . . . . . Critical Parts Destroyed . | . . . . . Melee Attacks . | . . . . . Impact . | . . . . . Slashing . | . . . . . Piercing . | . . . . . Sneak Attacks . | . . . . . Combat Hostiles . | . . . . . Follow-up Attacks . | . . . . . Damage Inflicted 408 | 25 262 . . 121 Guns 318 | 25 172 . . 121 Cannons . | . . . . . Explosions 90 | . 90 . . . Melee . | . . . . . Ramming . | . . . . . Kinetic . | . . . . . Thermal 139 | 12 64 . . 63 Explosive . | . . . . . Electromagnetic 269 | 13 198 . . 58 Impact . | . . . . . Slashing . | . . . . . Piercing . | . . . . . Highest Corruption . | . . . . . Average Corruption . | . . . . . Corruption Purged . | . . . . . Overload Shots . | . . . . . Overflow Damage . | . . . . . Projectiles . | . . . . . Explosions . | . . . . . Melee . | . . . . . Knockbacks . | . . . . . Impact . | . . . . . Kinetic . | . . . . . Secondary . | . . . . . Self-Inflicted Damage . | . . . . . Shots . | . . . . . Rammed . | . . . . . Targets Rammed . | . . . . . Kicked . | . . . . . Crushed . | . . . . . Highest Temperature 237 | 30 237 . . 182 Average Temperature 88 | 18 110 . . 72 Received Heat Transfer 208 | . 48 . . 160 Siege Activations . | . . . . . Robots Corrupted . | . . . . . Combat Hostiles . | . . . . . Parts Fried . | . . . . . Impact Corruptions . | . . . . . Robots Melted . | . . . . . Combat Hostiles . | . . . . . Parts Melted . | . . . . . Heat Transferred 323 | 37 157 . . 129 Parts Sabotaged . | . . . . . Parts Stolen . | . . . . . Parts Stripped . | . . . . . Power Chain Reactions 1 | . 1 . . . Missiles Intercepted . | . . . . . Alert | -11 -10 -10 -10 -9 ------- Run | Scr Mat Min Exi Min Peak Influence 185 | . 185 72 . 15 Initial 72 | . . 72 . . Average 54 | . 94 72 . 5 Maximum Alert Level . | . . . . . Low Security (%) 100 | 100 100 100 . 100 Level 1 . | . . . . . Level 2 . | . . . . . Level 3 . | . . . . . Level 4 . | . . . . . Level 5 . | . . . . . High Security . | . . . . . Max Security . | . . . . . Squads Dispatched . | . . . . . Investigation . | . . . . . Extermination . | . . . . . Reinforcement . | . . . . . Assault . | . . . . . Garrison . | . . . . . Intercept . | . . . . . Construction Impeded . | . . . . . Haulers Reinforced . | . . . . . Stealth | -11 -10 -10 -10 -9 --------- Run | Scr Mat Min Exi Min Distress Signals 2 | . 2 . . . Communications Jammed . | . . . . . Distress Signals . | . . . . . Times Spotted 20 | . 7 . . 13 Peak Tracking Total 9 | . 6 . . 9 Tactical Retreats . | . . . . . Traps | -11 -10 -10 -10 -9 ------- Run | Scr Mat Min Exi Min Traps Triggered . | . . . . . Indirectly . | . . . . . Trap Hack Attempts . | . . . . . Triggered . | . . . . . Disarmed . | . . . . . Reprogrammed 6 | . 6 . . . Reused 2 | . 2 . . . Traps Extracted . | . . . . . Installed . | . . . . . Triggered 2 | . 2 . . . Machines | -11 -10 -10 -10 -9 ---------- Run | Scr Mat Min Exi Min Machines Disabled 1 | . 1 . . . Max in Single Turn 1 | . 1 . . . Machines Sabotaged . | . . . . . Garrisons Compromised . | . . . . . Overloaded Fab Kills . | . . . . . Fab Network Shutdowns . | . . . . . Hacking | -11 -10 -10 -10 -9 --------- Run | Scr Mat Min Exi Min Machines Accessed 4 | . 2 . 2 . Terminals 2 | . 2 . . . Fabricators . | . . . . . Repair Stations . | . . . . . Recycling Units . | . . . . . Scanalyzers . | . . . . . Garrison Access . | . . . . . Total Hacks 8 | . 6 . 2 . Successful 5 | . 3 . 2 . Failed 3 | . 3 . . . Catastrophic . | . . . . . Database Lockouts . | . . . . . Manual 8 | . 6 . 2 . Terminals 6 | . 6 . . . Fabricators . | . . . . . Repair Stations . | . . . . . Recycling Units . | . . . . . Scanalyzers . | . . . . . Garrison Access . | . . . . . Terminal Hacks 4 | . 2 . 2 . Record 1 | . . . 1 . Branch Access Points 1 | . 1 . . . Reprogram Traps 1 | . 1 . . . EX-Prototype ID Bank 1 | . . . 1 . Fabricator Hacks . | . . . . . Repair Station Hacks . | . . . . . Recycling Unit Hacks . | . . . . . Scanalyzer . | . . . . . Garrison Access Hacks . | . . . . . Unauthorized Hacks 1 | . 1 . . . Terminals 1 | . 1 . . . Detonate 1 | . 1 . . . Fabricators . | . . . . . Repair Stations . | . . . . . Recycling Units . | . . . . . Scanalyzers . | . . . . . Garrison Access . | . . . . . Data Cores Recovered 1 | . 1 . . . Used 1 | . 1 . . . Hacking Detections 1 | . 1 . . . Full Trace Events . | . . . . . Feedback Events . | . . . . . Feedback Blocked . | . . . . . Robot Schematics Acquired . | . . . . . Robots Built . | . . . . . Matter . | . . . . . Time . | . . . . . Total Robot Build Rating . | . . . . . Part Schematics Acquired . | . . . . . Parts Built . | . . . . . Matter . | . . . . . Time . | . . . . . Total Part Build Rating . | . . . . . Parts Repaired . | . . . . . Time . | . . . . . Parts Recycled . | . . . . . Recycled Matter . | . . . . . Retrieved Matter . | . . . . . Retrieved Components . | . . . . . Parts Scanalyzed . | . . . . . Part Schematics Acquired . | . . . . . Parts Damaged . | . . . . . Bothacking | -11 -10 -10 -10 -9 ------------ Run | Scr Mat Min Exi Min Used RIF Installer . | . . . . . Robots Hacked . | . . . . . Non-combat . | . . . . . Combat . | . . . . . Robot Hacks Applied . | . . . . . Relay Couplers Released . | . . . . . Robots Rewired . | . . . . . Allies Hacked . | . . . . . Hacks Repelled . | . . . . . Allies | -11 -10 -10 -10 -9 -------- Run | Scr Mat Min Exi Min Total Allies 6 | . 1 . . 5 Largest Group 4 | . 1 1 1 4 Highest-Rated Group 99 | . 55 55 55 99 Highest-Rated Ally 56 | . 55 55 55 56 Total Orders . | . . . . . Ally Attacks 40 | . 9 . . 31 Total Damage 439 | . 75 . . 364 Kills 10 | . 3 . . 7 Allies Corrupted . | . . . . . Allies Melted . | . . . . . Field Lobotomies 5 | . . . . 5 Intel | -11 -10 -10 -10 -9 ------- Run | Scr Mat Min Exi Min Robot Analysis Total . | . . . . . Derelict Logs Recovered . | . . . . . Drone Launches . | . . . . . Drone Recoveries . | . . . . . Exploration | -11 -10 -10 -10 -9 ------------- Run | Scr Mat Min Exi Min Turns Passed 1197 | 67 199 251 502 178 Spaces Moved 700 | 38 109 154 312 87 Core 4 | 4 . . . . Treads 696 | 34 109 154 312 87 Legs . | . . . . . Wheels . | . . . . . Hover . | . . . . . Flight . | . . . . . Fastest Speed 50 | 50 160 160 160 160 Average Speed 159 | 148 160 160 160 160 Slowest Speed 160 | 160 160 160 160 160 Overloaded Moves . | . . . . . Propulsion Burnouts . | . . . . . Robots Hopped . | . . . . . Cave-ins Triggered . | . . . . . Exploration Rate (%) 29 | 3 21 36 63 26 Regions Visited 4 Branch Regions 3 Pre-discovered Areas 1 | . . . 1 . Known Exits Taken 1 | . 1 . . . Unknown Exits Taken 3 | 1 . 1 1 . Scrap Searched . | . . . . . Spaces Dug . | . . . . . Terrain Destroyed . | . . . . . Melee . | . . . . . Projectile . | . . . . . AOE . | . . . . . Terrain Rammed . | . . . . . Walls Destroyed . | . . . . . Machines Disabled . | . . . . . Actions | -11 -10 -10 -10 -9 --------- Run | Scr Mat Min Exi Min Total 737 | 44 117 159 315 102 Wait 6 | . . 6 . . Move 696 | 37 108 153 311 87 Hop . | . . . . . Pick Up 3 | . . . 3 . Fast Attach 7 | 6 1 . . . Attach 1 | . . . . 1 Detach . | . . . . . Swap 1 | . . . . 1 Drop 1 | . . . 1 . Fire 22 | 1 8 . . 13 Melee . | . . . . . Ram . | . . . . . Kick . | . . . . . Crush . | . . . . . Escape Stasis . | . . . . . Rewire . | . . . . . Trap . | . . . . . Miscellaneous . | . . . . . Route ------- -11/Scrapyard -10/Materials (discovered 3 exits: [*Mat] / *Min x2) -10/Mines -10/Exiles -9/Mines History --------- Turn | Location | Event 33 | -11/Scrapyard | Discovered new exit (range 15) 68 | -11/Scrapyard | Entered Materials 80 | -10/Materials | Identified exit to Mines 230 | -10/Materials | Discovered new exit (range 10) 267 | -10/Materials | Entered Mines 267 | -10/Mines | Accompanied by 1 ally 310 | -10/Mines | Build established: Mutant 506 | -10/Mines | Deemed a non-threat by the Exiles lab entrance 506 | -10/Mines | Discovered new exit (range 5) 518 | -10/Mines | Entered Exiles 518 | -10/Exiles | Accompanied by 1 ally 557 | -10/Exiles | Met 8R-AWN 587 | -10/Exiles | Met EX-HEX 632 | -10/Exiles | Met EX-BIN 654 | -10/Exiles | Aligned with FarCom system 656 | -10/Exiles | Given EX-Vault access code 694 | -10/Exiles | Opened EX-Vault 704 | -10/Exiles | Found Field Lobotomy Kit 708 | -10/Exiles | Found Trap Reconfigurator 799 | -10/Exiles | Warned to stay clear of 0b10 Research branches 843 | -10/Exiles | Met EX-DEC 865 | -10/Exiles | Learned location of Zion (-7) 910 | -10/Exiles | Discovered new exit (range 14) 1020 | -10/Exiles | Left Exiles lab with Field Lobotomy Kit 1020 | -10/Exiles | Entered Mines 1020 | -9/Mines | Accompanied by 1 ally 1021 | -9/Mines | Assembled infested the area 1026 | -9/Mines | Assisted by a Guerilla fighting off Assembled 1033 | -9/Mines | Met a Derelict bent on vengeance 1058 | -9/Mines | Assimilated as-48959 with FLK Orb 1061 | -9/Mines | Core integrity fell below 50% 1061 | -9/Mines | Assimilated as-83922 with FLK Orb 1064 | -9/Mines | Assimilated as-52691 with FLK Orb 1068 | -9/Mines | Assimilated as-49478 with FLK Orb 1166 | -9/Mines | Assimilated D-53 Grenadier with FLK Orb 1198 | -9/Mines | Self-destructed Last Messages --------------- 01165_ U-05 Engineer lays Concrete. 01166_ Field Lobotomy Kit expended. 01166_ D-53 Grenadier assimilated. 01167_ U-05 Engineer builds a Wall. 01170_ The unstable cave ceiling collapses. 01170_ D-53 Grenadier destroyed. 01172_ U-05 Engineer lays Concrete. 01174_ The unstable cave ceiling collapses. 01174_ U-05 Engineer lays Concrete. 01178_ U-05 Engineer builds a Wall. 01182_ U-05 Engineer lays Concrete. 01184_ U-05 Engineer builds a Wall. 01187_ K-01 Serf collects debris. 01189_ R-06 Scavenger destroyed. 01190_ The unstable cave ceiling collapses. 01191_ K-01 Serf collects debris. 01196_ Lgt. Armor Plating destroyed. 01196_ Destroyed Lgt. Armor Plating. 01196_ Grenadier 2a destroyed. 01198_ The unstable cave ceiling collapses. Map ----- +----------------------------------------------------+ | ???## ####?????# %####??????????????????????????? | | ????# #???????## ###??????????????????????????? | | ????# #???????# ###?????????????????????????? | | ????# #???????# # #?????????????????????????? | | ????# #???????# ## #?????????????????????????? | | ????#!#???????## # # #?????????????????????????? | | ????# #???????## # ##?????????????????????????? | | ????# #???????# # # #??????????????????????????? | | ????#=####????## ##??????????????????????????? | | ????# #?????## #??????????????????????????? | | ????# ####??????# % ##??????????????????????????? | | ???## #????????## ######???????????????????????? | | ??## ##???????# # =# # ##??????????????????????? | | ??# ##??????# #??????????????????????? | | ??# #??????# #??????????????????????? | | ??# ##????## #??????????????????????? | | ??# #????# ###??????????????????????? | | ??## " #????# # #????????????????????????? | | ???#### #????# #????????????????????????? | | ??????# #????## #????????????????????????? | | ??????# #????# # ##???????????????????????? | | ??????# %##???## ##??????????????????????? | | ????### "#????# a ###????????????????????? | | ???## ######### #????????????????????? | | ??## ### ##?# #????????????????????? | | ??# #?## % @ #????????????????????? | | ??# #??# #??????????????????? | | ??## ## %% ##?# % #?????????????????? | | ???###?## #??# !!*#????????????????? | | ????????## #??# ###### *%*a#???????????????? | | ????????## #??# ??????# =! ??????????????? | | ???????## #??# ???????# ###?????????????? | | ???##### ##??# ???????? ##???????????????? | | ???#|!! ##???# ???????? ###????????????????? | | ???#= *= ##????# ????????? #??????????????????? | | ???#########?????# ????????? #??????????????????? | | ?????????????????????????????? ??????????????????? | | ??????????????????????????????#??????????????????? | | ?????????????????????????????????????????????????? | | ?????????????????????????????????????????????????? | | ?????????????????????????????????????????????????? | | ?????????????????????????????????????????????????? | | ?????????????????????????????????????????????????? | | ?????????????????????????????????????????????????? | | ?????????????????????????????????????????????????? | | ?????????????????????????????????????????????????? | | ?????????????????????????????????????????????????? | | ?????????????????????????????????????????????????? | | ?????????????????????????????????????????????????? | | ?????????????????????????????????????????????????? | +----------------------------------------------------+ Best States ------------- Heat Dissipation 25 Energy Generation 10 Energy Capacity 250 Matter Stores 300 Matter Capacity 300 Sight Range 16 Terrain Scan Density 10 Armor Coverage 150 Evasion (%) 40 Recoil Reduction 2 Item Schematics ----------------- None Robot Schematics ------------------ None Fabricated ------------ Nothing Alien Tech Used ----------------- None Achievements -------------- None Challenges ------------ None Player 2 | -11 -10 -10 -10 -9 ---------- Run | Scr Mat Min Exi Min Slots Evolved . | . . . . . Power . | . . . . . Propulsion . | . . . . . Utility . | . . . . . Weapon . | . . . . . Parts Attached 15 | . 8 . 1 6 Parts Lost 4 | . 1 . . 3 Damage Taken 265 | . 166 . . 99 Core 112 | . 86 . . 26 Player 2/Cogmind (%) 76 | . 89 . . 52 Absorbed by Shields . | . . . . . Damage Inflicted 82 | . 75 . . 7 Player 2/Cogmind (%) 16 | . 22 . . 5 Combat Hostiles Destroyed 3 | . 3 . . . Player 2/Cogmind (%) 60 | . 60 . . . Game ------ Seed ReflectiveSmartbombNegator Manual? 0 Play Time 00:08:16 Cumulative 320.7 hours Start 2020.11.30 @ 18:48:33 End 2020.11.30 @ 18:54:50 Sessions 1 Manual Loads 0 Difficulty Rogue Special Mode AFD2020/Player2 Game No. 185 Rogue 28 Adventurer 52 Explorer 105 Win Type - Total 19 Types 17/0/1/0/0/0/0/1/0 Lore% 62 Gallery% 85 Achievement% 64 Wizard Run 0 Options --------- ASCII 0 Keyboard 0 Movement Mouse Keybinds 0 Fullscreen 2 Font 18/TerminusBold Map View 76x50 Tactical HUD 1 Map Filters NONE Filters NONE Steam 1 RUN: 9bf24f02-d512-4ad1-8784-81b7d65abcea